 Dungeon Crawl Stone Soup version 0.25.1-8-g42b30a86e7 (webtiles) character file.

Game seed: 11741588191381668989

29 Azimut41r the Vexing (level 3, -2/21 HPs)
             Began as a Kobold Arcane Marksman on Dec 19, 2020.
             Slain by a rat (3 damage)
             ... on level 2 of the Dungeon on Dec 20, 2020.
             The game lasted 00:14:04 (1485 turns).

Azimut41r the Vexing (Kobold Arcane Marksman)       Turns: 1485, Time: 00:14:05

Health: -2/21      AC:  4    Str:  7    XL:     3   Next: 32%
Magic:  5/5        EV: 16    Int: 14    God:
Gold:   69         SH:  0    Dex: 16    Spells: 4/5 levels left

rFire    . . .     SeeInvis .   a - +0 hand crossbow
rCold    . . .     Gourm    .   (shield restricted)
rNeg     . . .     Faith    .   e - +0 robe
rPois    .         Spirit   .   (no helmet)
rElec    .         Reflect  .   (no cloak)
rCorr    .         Harm     .   (no gloves)
MR       .....                  i - +1 pair of boots
Stlth    +.........             (no amulet)
HPRegen  0.07/turn              (no ring)
MPRegen  0.09/turn              (no ring)

@: no status effects
A: small, carnivore
a: no special abilities


You were on level 2 of the Dungeon.
You were very full.

You visited 1 branch of the dungeon, and saw 2 of its levels.

You collected 69 gold pieces.

Inventory:

Hand Weapons
 a - a +0 hand crossbow (weapon)
Missiles
 d - 34 bolts
 h - 10 poisoned darts (quivered)
Armour
 e - a +0 robe (worn)
 i - a +1 pair of boots (worn)
Scrolls
 b - a scroll of identify {unknown}
 g - a scroll of noise {unknown}
 j - a scroll of enchant armour {unknown}
 o - a scroll of random uselessness {unknown}
Potions
 c - 2 potions of haste {unknown}
 k - a potion of brilliance {unknown}
 l - a potion of heal wounds {unknown}
 n - a potion of flight {unknown}
Comestibles
 f - 2 rations


   Skills:
 + Level 1.7 Fighting
 + Level 2.9 Crossbows
 + Level 2.9 Dodging
 + Level 1.6 Spellcasting
 + Level 3.2 Hexes


You had 4 spell levels left.
You knew the following spells:

 Your Spells              Type           Power        Failure   Level  Hunger
a - Corona                Hex            ##.....      7%          1    ##.....

Your spell library contained the following spells:

 Spells                   Type           Power        Failure   Level  Hunger
 Slow                     Hex            ##......     10%         2    ###....
 Inner Flame              Hex/Fire       #.......     36%         3    ####...
 Portal Projectile        Hex/Tloc       #.....       36%         3    ####...
 Cause Fear               Hex            ##........   54%         4    #####..
 Leda's Liquefaction      Hex/Erth       #.........   77%         4    #####..


Dungeon Overview and Level Annotations

Branches:
Dungeon (2/15)

Altars:


Innate Abilities, Weirdness & Mutations

You are small and have problems with some larger weapons.
You are carnivorous and can eat meat at any time.


Message History

The bat closely misses you. The rat misses you.
The bat hits you but does no damage. The rat closely misses you.
The bat completely misses you. The bat hits you but does no damage.
The rat bites you but does no damage. The bat misses you.
The bat closely misses you.
The rat twitches its whiskers.
The rat misses you. The bat misses you. The rat misses you. The bat hits you.
* * * LOW HITPOINT WARNING * * *
The rat bites you.
* * * LOW HITPOINT WARNING * * *
The bat barely misses you. The bat barely misses you.
The rat bites you but does no damage. The bat hits you but does no damage.
The rat bites you but does no damage. The bat barely misses you.
The rat misses you. The bat hits you.
* * * LOW HITPOINT WARNING * * *
The rat bites you.
You die...

#.# #.# #.# #.# #.#
.#.......#"#
.........#r#
##.......#@#
#........#.############
#......................
#.......b......########
............##.#
######.##.)##.#
#.<........##.#
#.#.###.#.###.#
...#.........#.#


You could see a bat and a rat.

Vanquished Creatures
  An ooze (D:1)
  A dart slug (D:1)
  2 leopard geckos (D:1)
  4 bats (D:1)
  4 giant cockroaches (D:1)
  A goblin (D:1)
  2 hobgoblins (D:1)
  A frilled lizard (D:1)
  2 kobolds (D:1)
  2 rats (D:1)
20 creatures vanquished.

Notes
Turn   | Place    | Note
-------+----------+-------------------------------------------
     0 | D:1      | Azimut41r the Kobold Arcane Marksman began the quest for
                  | the Orb.
     0 | D:1      | Reached XP level 1. HP: 12/12 MP: 2/2
   132 | D:1      | Reached XP level 2. HP: 15/16 MP: 3/3
   731 | D:1      | Reached XP level 3. HP: 16/20 MP: 5/5
  1481 | D:2      | HP: 1/21 [rat (1)]
  1485 | D:2      | Slain by a rat

Illustrated notes

Levels and vault maps discovered:
D:1:      dpeg_arrival_rooms_b, layout_loops_ring
D:2:      layout_basic, lemuel_coloured_pillars_altar

Action                   || total
-------------------------++-------
 Fire: Hand crossbow     ||    51
Throw: Dart              ||    25
  Eat: Chunk             ||     9
Armor: Robe              ||    79
Dodge: Dodged            ||   246
